 Dungeon Crawl Stone Soup version 0.22.1-6-g1668fe2 (webtiles) character file.

11412 nicolaieve the Bludgeoner (level 11, 0/91 (92) HPs)
             Began as a Minotaur Berserker on Jan 23, 2019.
             Was a High Priest of Trog.
             Slain by a spriggan rider
             ... wielding a +0 spear
              (2 damage)
             ... on level 1 of the Lair of Beasts.
             The game lasted 00:26:20 (7668 turns).

nicolaieve the Bludgeoner (Minotaur Berserker)      Turns: 7668, Time: 00:26:21

HP:   0/91 (92)     AC: 16    Str: 22    XL:     11   Next: 49%
MP:   11/11         EV:  8    Int:  4    God:    Trog [*****.]
Gold: 395           SH:  0    Dex: 13    Spells: 10/10 levels left

rFire    . . .     SeeInvis .   w - +2 morningstar (drain)
rCold    . . .     Gourm    .   (no shield)
rNeg     + . .     Faith    .   l - +0 plate armour
rPois    .         Spirit   .   (helmet restricted)
rElec    .         Reflect  .   B - +0 cloak
rCorr    .         Harm     .   (no gloves)
MR       .....                  (no boots)
Stlth    ..........             y - amulet of the acrobat
HPRegen  0.25/turn              n - ring of stealth
MPRegen  0.12/turn              g - ring of positive energy

@: berserk cooldown, slowed, very slow
A: retaliatory headbutt, horns 2
a: Berserk, Trog's Hand, Brothers in Arms, Renounce Religion


You were on level 1 of the Lair of Beasts.
You worshipped Trog.
Trog was extremely pleased with you.
You were very hungry.

You visited 2 branches of the dungeon, and saw 11 of its levels.

You collected 596 gold pieces.
You spent 201 gold pieces at shops.

Inventory:

Hand Weapons
 m - a +0 hunting sling
 w - a +2 morningstar of draining (weapon)
 G - a +2 hunting sling of flaming
Missiles
 q - 74 sling bullets
Armour
 f - a +0 chain mail
 l - a +0 plate armour (worn)
 B - a +0 cloak (worn)
 F - a +0 large shield
Jewellery
 g - a ring of positive energy (right hand)
 n - a ring of stealth (left hand)
 r - a +2 ring of strength
 y - an amulet of the acrobat (around neck)
 I - an uncursed ring of ice
 J - an uncursed ring of ice
 L - a +4 ring of strength
Wands
 s - a wand of disintegration (14)
 u - a wand of polymorph (6)
 C - a wand of digging (16)
 H - a wand of paralysis (10)
 M - a wand of enslavement (14)
Scrolls
 a - 3 scrolls of blinking {unknown}
 d - 3 scrolls of magic mapping
 e - 5 scrolls of teleportation
 h - 3 scrolls of enchant armour
 i - 2 scrolls of immolation {unknown}
 j - 5 scrolls of identify
 o - 4 scrolls of remove curse
 t - 3 scrolls of fear {unknown}
 x - a scroll of fog {unknown}
 D - a scroll of brand weapon
Potions
 b - 3 potions of heal wounds
 k - 7 potions of curing
 p - 2 potions of lignification {unknown}
 v - 3 potions of haste
 z - a potion of invisibility
 A - 2 potions of agility {unknown}
 E - a potion of brilliance
Comestibles
 c - 17 rations
 K - 2 chunks of flesh


   Skills:
 + Level 7.5 Fighting
 - Level 16.0 Maces & Flails
 * Level 11.8 Armour
 - Level 2.1 Dodging
 - Level 3.1 Shields
 - Level 2.3 Evocations


You had 10 spell levels left.
You didn't know any spells.
Your spell library contained the following spells:

 Spells                   Type           Power        Failure   Level  Hunger
 Infusion                 Chrm           #...         100%        1    ##.....
 Shroud of Golubria       Chrm/Tloc      #.........   100%        2    ###....
 Song of Slaying          Chrm           #.......     100%        2    ###....
 Regeneration             Chrm/Necr      #.........   100%        3    ####...
 Spectral Weapon          Hex/Chrm       #.......     100%        3    ####...


Dungeon Overview and Level Annotations

Branches:
Dungeon (10/15)            Temple (0/1) D:7            Lair (1/6) D:9
    Orc (0/2) D:10

Altars:
Makhleb
Uskayaw
Yredelemnul

Shops:
D:7 ?   D:10 [(

Annotations:
D:10 1 runed door, bananaglory's ghost, journeyman HOAK


Innate Abilities, Weirdness & Mutations

You reflexively headbutt those who attack you in melee.
You have a pair of horns on your head.


Message History

You kill the wolf!
Trog accepts your kill.
The wolf pauses to sniff the ground.
The wolf misses you.
The spriggan rider hits you from afar with a spear!
* * * LOW HITPOINT WARNING * * *
Your plate armour prevents you from hitting the wolf.
The wolf bites you.
* * * LOW HITPOINT WARNING * * *
You closely miss the wolf. You headbutt the wolf!
The wolf is moderately wounded.
The wolf pauses to sniff the ground.
The wolf bites you but does no damage. x2; The wolf misses you.
You miss the wolf.
The wolf is moderately wounded.
You are no longer berserk.
You are exhausted.
You feel yourself slow down.
The spriggan rider hits you from afar with a spear.
You die...

...... .....
.. #.... ...
#...#
....#...#
....#...#
♣....††#
h♣..#ih@#
....Hhhh#
.....hhh#
......hh#
.........
...%......
...........
8...........
.............


You could see a spriggan rider, a hippogriff and 9 wolves.

Vanquished Creatures
  Fannar (D:10)
  A two-headed ogre (D:9)
  2 unseen horrors (D:10)
  An ugly thing (D:9)
  5 trolls
  A hornet (D:10)
  2 hippogriffs (D:10)
  4 hogs (D:7)
  2 vampires
  7 humans
  3 hungry ghosts
  An eye of draining (D:10)
  A sky beast (D:7)
  2 phantoms (D:8)
  3 necrophages
  2 black bears (D:6)
  3 centaurs
  21 wolves (Lair:1)
  An ogre (D:8)
  4 bullfrogs
  2 scorpions (D:6)
  4 killer bees (D:10)
  2 howler monkeys (D:8)
  A crimson imp (D:10)
  2 bullfrog zombies
  6 hounds
  2 bullfrog skeletons
  7 orc priests
  2 centaur skeletons
  2 iguanas
  4 worker ants
  11 orc wizards
  Ijyb (D:3)
  Terence (D:3)
  A hound zombie (D:7)
  2 worker ant zombies
  9 adders
  5 gnolls
  A shadow imp (D:6)
  3 oozes
  A worm (D:2)
  4 leopard geckos
  40 orcs
  8 giant cockroaches
  3 hobgoblins
  7 jackals
  6 quokkas
  2 ball pythons
  6 bats
  5 frilled lizards
  7 goblins
  A jackal skeleton (D:4)
  12 kobolds
  A leopard gecko zombie (D:5)
  A quokka skeleton (D:4)
  9 rats
248 creatures vanquished.

Vanquished Creatures (others)
  An orc wizard (D:10)
  A centaur skeleton (D:8)
  A jackal (D:7)
  A plant (Lair:1)
4 creatures vanquished.

Grand Total: 252 creatures vanquished

Notes
Turn   | Place    | Note
-------+----------+-------------------------------------------
     0 | D:1      | nicolaieve the Minotaur Berserker began the quest for the
                  | Orb.
     0 | D:1      | Reached XP level 1. HP: 19/19 MP: 0/0
    55 | D:1      | Reached skill level 4 in Maces & Flails
   117 | D:1      | Reached XP level 2. HP: 20/26 MP: 1/1
   441 | D:1      | Reached skill level 5 in Maces & Flails
   646 | D:1      | Reached XP level 3. HP: 28/31 MP: 2/2
   662 | D:1      | Reached ** piety under Trog
  1061 | D:2      | Reached skill level 6 in Maces & Flails
  1061 | D:2      | Reached XP level 4. HP: 34/39 MP: 3/3
  1382 | D:2      | You fall through a shaft for 2 floors!
  1432 | D:4      | Reached skill level 7 in Maces & Flails
  1432 | D:4      | Reached XP level 5. HP: 35/45 MP: 4/4
  1474 | D:4      | Found a basalt altar of Yredelemnul.
  1945 | D:3      | Reached skill level 8 in Maces & Flails
  1955 | D:3      | Reached *** piety under Trog
  1969 | D:3      | Reached XP level 6. HP: 24/51 MP: 5/5
  2032 | D:3      | Noticed Terence
  2062 | D:3      | Killed Terence
  2295 | D:3      | Noticed Ijyb
  2306 | D:3      | Killed Ijyb
  2330 | D:3      | Reached skill level 9 in Maces & Flails
  2562 | D:3      | Found a faded altar of an unknown god.
  2621 | D:3      | Found a burning altar of Makhleb.
  2836 | D:5      | Entered Level 5 of the Dungeon
  2866 | D:5      | Reached XP level 7. HP: 56/57 MP: 6/6
  3355 | D:5      | Reached skill level 10 in Maces & Flails
  3448 | D:6      | Noticed a human
  3452 | D:6      | Noticed a human
  3453 | D:6      | Noticed a human
  3456 | D:6      | Noticed a human
  3458 | D:6      | Noticed a human
  3463 | D:6      | Killed a human
  3463 | D:6      | Reached skill level 11 in Maces & Flails
  3483 | D:5      | Killed a human
  3483 | D:5      | Reached XP level 8. HP: 11/64 MP: 7/7
  3486 | D:5      | HP: 2/64 [human/club (3)]
  3509 | D:6      | Reached skill level 12 in Maces & Flails
  3625 | D:6      | Reached skill level 13 in Maces & Flails
  3729 | D:6      | Reached **** piety under Trog
  3866 | D:6      | Reached XP level 9. HP: 48/70 MP: 8/8
  3951 | D:7      | Reached skill level 14 in Maces & Flails
  4254 | D:7      | Found Wimoih's Magic Scroll Shop.
  4265 | D:7      | Bought a scroll of amnesia for 45 gold pieces
  4265 | D:7      | Bought a scroll of identify for 26 gold pieces
  4265 | D:7      | Bought a scroll of identify for 26 gold pieces
  4265 | D:7      | Bought a scroll of teleportation for 39 gold pieces
  4265 | D:7      | Bought a scroll of remove curse for 39 gold pieces
  4265 | D:7      | Bought a scroll of identify for 26 gold pieces
  4433 | D:7      | Found a staircase to the Ecumenical Temple.
  4573 | D:7      | Reached skill level 15 in Maces & Flails
  4777 | D:8      | Reached skill level 16 in Maces & Flails
  4874 | D:8      | Reached skill level 1 in Shields
  4975 | D:8      | Reached skill level 1 in Evocations
  4990 | D:8      | Reached XP level 10. HP: 12/77 MP: 8/10
  5170 | D:8      | Found a hide-covered altar of Uskayaw.
  5173 | D:8      | Noticed a dagger
  5174 | D:8      | Noticed a hand axe
  5726 | D:9      | Noticed a two-headed ogre
  5731 | D:9      | Killed a two-headed ogre
  5731 | D:9      | Reached skill level 5 in Armour
  5791 | D:9      | Found a staircase to the Lair.
  6240 | D:9      | Noticed a red ugly thing
  6248 | D:9      | Killed a red ugly thing
  6248 | D:9      | Reached skill level 5 in Fighting
  6314 | D:10     | Entered Level 10 of the Dungeon
  6370 | D:10     | Noticed Fannar
  6382 | D:10     | Killed Fannar
  6969 | D:10     | Found a runed door.
  6974 | D:10     | Noticed bananaglory's ghost (journeyman HOAK)
  7152 | D:10     | Found Ponounn's Armour Shoppe.
  7152 | D:10     | Found a staircase to the Orcish Mines.
  7154 | D:10     | Found Peniovan's Weapon Shoppe.
  7170 | D:10     | Reached XP level 11. HP: 90/90 MP: 11/11
  7256 | D:10     | Killed an unseen horror
  7308 | D:10     | Reached skill level 10 in Armour
  7398 | D:10     | Killed an unseen horror
  7619 | Lair:1   | Entered Level 1 of the Lair of Beasts
  7629 | Lair:1   | Noticed a spriggan rider
  7659 | Lair:1   | Reached ***** piety under Trog
  7665 | Lair:1   | HP: 3/136 [spriggan rider/spear (12)]
  7668 | Lair:1   | Slain by a spriggan rider

Skill      XL: |  1  2  3  4  5  6  7  8  9 10 11 |
---------------+----------------------------------+-----
Maces & Flails | 4 5 6 7 8 9 11 13 16 | 16.0
Shields        | 2 3 |  3.1
Evocations     | 1 2 |  2.3
Armour         | 9 11 | 11.8
Fighting       | 6 7 |  7.5
Dodging        | |  2.1

Action                   |  1- 3 |  4- 6 |  7- 9 | 10-12 || total
-------------------------+-------+-------+-------+-------++-------
Melee: Mace              |    86 |   114 |       |       ||   200
       Headbutt          |    11 |    28 |    34 |    43 ||   116
       Morningstar       |       |    30 |   220 |   279 ||   529
       Unarmed           |       |     3 |       |       ||     3
Invok: Berserk           |       |     2 |     3 |     3 ||     8
       Trog's Hand       |       |     1 |     3 |     5 ||     9
  Use: Scroll            |       |       |    10 |       ||    10
  Eat: Chunk             |     1 |     7 |    15 |    15 ||    38
Armor: Animal skin       |     9 |       |       |       ||     9
       Chain mail        |    35 |    59 |    89 |    13 ||   196
       Plate armour      |       |       |       |   184 ||   184
Dodge: Dodged            |    43 |    81 |   118 |   195 ||   437
